 Dungeon Crawl Stone Soup version 0.31-a0-200-gbc41564c69 (webtiles) character file.

Game seed: 7120547411060499475

35 qw the Shooter (level 3, -2/20 HPs)
             Began as a Deep Elf Hunter on June 25, 2023.
             Slain by Natasha (5 damage)
             ... on level 2 of the Dungeon.
             The game lasted 00:00:22 (976 turns).

qw the Shooter (Deep Elf Hunter)                     Turns: 976, Time: 00:00:23

Health: -2/20      AC:  6    Str: 10    XL:     3   Next: 17%
Magic:  5/5        EV:  9    Int: 13    God:
Gold:   61         SH:  0    Dex: 18    Spells: 2/2 levels left

rFire   . . .        Y - +0 shortbow
rCold   . . .        (shield currently unavailable)
rNeg    + . .        j - +0 scale mail
rPois   .            (no helmet)
rElec   .            (no cloak)
rCorr   .            (no gloves)
SInv    .            (no boots)
Will    .....        (no amulet)
Stlth   +            f - ring of positive energy
HPRegen 0.23/turn    (no ring)
MPRegen 0.09/turn

%: no passive effects
@: no status effects
A: no striking features
a: no special abilities


You were on level 2 of the Dungeon.
You visited 1 branch of the dungeon, and saw 2 of its levels.

You collected 61 gold pieces.


   Skills:
 - Level 1.5 Fighting
 + Level 6.8 Ranged Weapons
 - Level 2.4 Dodging
 - Level 1.2 Stealth


You had 2 spell levels left.
You didn't know any spells.
Your spell library was empty.

Inventory:

Hand Weapons
 Y - a +0 shortbow (weapon)
Armour
 j - a +0 scale mail (worn)
Jewellery
 f - a ring of positive energy (left hand)
Scrolls
 a - a scroll of identify
Potions
 b - a potion of berserk rage {unknown}
 d - a potion of curing
 e - 2 potions of haste {unknown}
 g - a potion of brilliance {unknown}

Dungeon Overview and Level Annotations

Branches:
Dungeon (2/15)

Altars:

Annotations:
D:2 Natasha


Message History

The worm is heavily wounded.
The worm bites you but does no damage.
You shoot an arrow. The arrow barely misses the worm.
The worm bites you.
You shoot an arrow. The arrow hits the worm!
The worm is almost dead.
You shoot an arrow. The arrow hits the worm.
You kill the worm!
You start resting.
HP restored.
e - 2 metallic silvery potions (gained 1)
b - a clear potion You see here a +0 war axe.
Enter note:
Enter note: Natasha, Servant of Life and Death comes into view.
Natasha hisses angrily.
Enter note:
Enter note: You shoot an arrow.
The arrow hits Natasha but does no damage.
Natasha mumbles some strange words.
Natasha's front paws start to glow.
You shoot an arrow. The arrow closely misses Natasha.
Natasha claws you.
You shoot an arrow. The arrow hits Natasha.
Natasha is lightly wounded.
Natasha claws you.
You shoot an arrow. The arrow hits Natasha.
Natasha is heavily wounded.
Natasha claws you but does no damage.
You shoot an arrow. The arrow closely misses Natasha.
Natasha claws you. Natasha claws you!
You shoot an arrow. The arrow closely misses Natasha.
Natasha growls.
Natasha barely misses you.
You shoot an arrow. The arrow hits Natasha.
Natasha is almost dead.
Natasha claws you. x2
You die...

### ..#
..##################
.....)..........@..#
..###############h..#
..# ....... ..#
...#### ... #.## #.##
.# #.# .# ... .#


You could see Natasha.

Vanquished Creatures
  A worm (D:2)
  2 dart slugs (D:1)
  3 ball pythons (D:1)
  5 endoplasms
  A giant cockroach (D:1)
  A goblin (D:2)
  2 hobgoblins
  A quokka (D:1)
  2 bats (D:1)
  2 frilled lizards
  2 kobolds (D:1)
  5 rats
27 creatures vanquished.

Notes
Turn   | Place    | Note
-------+----------+-------------------------------------------
     0 | D:1      | qw the Deep Elf Hunter began the quest for the Orb.
     0 | D:1      | Reached XP level 1. HP: 12/12 MP: 3/3
     0 | D:1      | 0 ||| qw: Version: 0.3-a-22-g0ed2b0b
     0 | D:1      | 0 ||| qw: Game counter: 5597
     0 | D:1      | 0 ||| qw: Melee chars always use a shield: true
     0 | D:1      | 0 ||| qw: God list: Okawaru
     0 | D:1      | 0 ||| qw: Allow faded altars: false
     0 | D:1      | 0 ||| qw: Do Orc after clearing Dungeon:15 true
     0 | D:1      | 0 ||| qw: Do second Lair branch before Depths: true
     0 | D:1      | 0 ||| qw: Lair rune preference: random
     0 | D:1      | 0 ||| qw: Goals: Normal
     0 | D:1      | 0 ||| PLANNING D:1-11
   256 | D:1      | Reached XP level 2. HP: 16/16 MP: 4/4
   262 | D:1      | Reached skill level 6 in Ranged Weapons
   308 | D:1      | 308 ||| FLEEEEING.
   667 | D:1      | 667 ||| UPGRADING to +0 scale mail.
   677 | D:1      | 677 ||| DROPPING +0 leather armour.
   678 | D:1      | 678 ||| UPGRADING to ring of positive energy.
   679 | D:1      | 679 ||| READING scroll labelled GUUBUKHLAOPT.
   680 | D:1      | 680 ||| READING scroll labelled QOLLEAC SEAMEGI.
   681 | D:1      | 681 ||| READING scroll labelled BOC NELAU.
   682 | D:1      | 682 ||| DRINKING 2 black potions.
   683 | D:1      | 683 ||| DROPPING scroll of butterflies.
   710 | D:2      | Found a faded altar of an unknown god.
   752 | D:2      | Reached XP level 3. HP: 13/20 MP: 5/5
   969 | D:2      | Noticed Natasha
   974 | D:2      | HP: 3/20 [Natasha (7)]
   976 | D:2      | Slain by Natasha

Levels and vault maps discovered:
D:1:      giann_wishing_wells, layout_basic, minmay_crystal_room
D:2:      layout_loops_ring, hellmonk_ecumenical_altar_run_dry, serial_shops,
          shop, uniq_natasha

Skill      XL: |  1  2 |
---------------+-------+-----
Ranged Weapons | 6 |  6.8
Fighting       | |  1.5
Dodging        | |  2.4
Stealth        | |  1.2

Action                     || total
---------------------------++-------
   Fire: Shortbow          ||    76
    Use: Scroll            ||     3
         Potion            ||     1
 Armour: Leather armour    ||     7
         Scale mail        ||     4
  Dodge: Dodged            ||    15

Table legend:
 A = Non-vault XP
 B = Vault XP
 C = Vault XP percentage of total XP
 D = Non-vault monster count
 E = Vault monster count
 F = Vault count percentage of total count
                 A         B        C        D         E       F
            +---------+---------+-------+---------+---------+-------
      Total |      51 |       0 |   0.0 |      27 |       0 |   0.0
            +---------+---------+-------+---------+---------+-------
        D:1 |      36 |       0 |   0.0 |      20 |       0 |   0.0
        D:2 |      15 |       0 |   0.0 |       7 |       0 |   0.0
            +---------+---------+-------+---------+---------+-------
